 Dungeon Crawl Stone Soup version 0.22-a0-469-gf26638a (webtiles) character file.

111132 4thArraOfDagon the Severer (level 16, -2/144 HPs)
             Began as a Hill Orc Monk on June 13, 2018.
             Was an Elder of Cheibriados.
             Slain by a white ugly thing (9 damage)
             ... on level 3 of the Abyss.
             The game lasted 01:04:50 (10009 turns).

4thArraOfDagon the Severer (Hill Orc Monk)         Turns: 10009, Time: 01:04:51

Health: -2/144     AC: 12    Str: 34    XL:     16   Next: 56%
Magic:  24/29      EV: 28    Int: 25    God:    Cheibriados [****..]
Gold:   247        SH:  0    Dex: 30    Spells: 14/34 levels left

rFire    + + .     SeeInvis .   X - +5 broad axe (vamp)
rCold    + . .     Gourm    .   (no shield)
rNeg     . . .     Faith    .   E - +3 troll leather armour
rPois    +         Spirit   .   R - +2 hat
rElec    +         Reflect  .   i - +0 cloak
rCorr    +         Harm     .   L - +0 pair of gloves
MR       ++...                  S - +0 pair of boots
Stlth    ++++......             (no amulet)
HPRegen  0.74/turn              r - +3 ring of strength
MPRegen  0.21/turn              D - +2 ring of dexterity

@: mighty, agile, resistant, very slow
A: fire resistance 1, magic resistance 1, wild magic 1
a: Bend Time, Temporal Distortion, Slouch, Renounce Religion


You were on level 3 of the Abyss.
You worshipped Cheibriados.
Cheibriados was greatly pleased with you.
You were not hungry.

You visited 3 branches of the dungeon, and saw 20 of its levels.
You visited the Abyss 2 times.

You collected 1994 gold pieces.
You spent 1747 gold pieces at shops.

Inventory:

Hand Weapons
 a - a +0 hand axe
 q - the cursed +0 falchion of the Spheres {drain, rPois rC+++ rN+ Str-3}
   (You took it off a crimson imp on level 10 of the Dungeon)

   A truly terrible weapon, it drains the life of those it strikes.
   It affects your strength (-3).
   It renders you almost immune to cold.
   It protects you from poison.
   It protects you from negative energy.
   It has a curse placed upon it.
 t - a +2 whip of electrocution
 y - a +0 war axe
 z - a +0 blowgun
 G - a +1 war axe of draining
 H - the +7 quarterstaff "Beutsi" {pain, *Corrode rElec rC+}
   (You found it on level 9 of the Dungeon)

   In the hands of one skilled in necromantic magic, it inflicts extra damage on
   living creatures.
   It protects you from cold.
   It insulates you from electricity.
   It may corrode you when you take damage.
 T - a +1 battleaxe of electrocution
 U - a +0 war axe of freezing
 X - a +5 vampiric broad axe (weapon)
Missiles
 g - a curare-tipped needle
 h - 3 javelins (quivered)
Armour
 b - a +0 robe
 e - a +0 ring mail
 f - a +1 hat
 i - a +0 cloak (worn)
 s - a +2 robe
 x - a -2 ring mail
 E - a +3 troll leather armour (worn)
 L - a +0 pair of gloves (worn)
 R - a +2 hat (worn)
 S - a +0 pair of boots (worn)
Jewellery
 r - a +3 ring of strength (left hand)
 D - a +2 ring of dexterity (right hand)
 I - an uncursed ring of flight
Wands
 d - a wand of paralysis (23)
 u - a wand of polymorph (17)
 v - a wand of digging (6)
 Q - a wand of acid (5)
 Y - a wand of iceblast (8)
Scrolls
 j - 2 scrolls of magic mapping
 k - 4 scrolls of remove curse
 l - 5 scrolls of teleportation
 w - 4 scrolls of fog
 B - a scroll of fear
 C - a scroll of brand weapon
 F - a scroll of immolation
 W - 3 scrolls of identify
Potions
 m - 5 potions of lignification
 n - a potion of berserk rage
 o - a potion of cancellation
 p - 5 potions of flight
 A - 3 potions of ambrosia
 M - 2 potions of might
 P - 2 potions of magic
Miscellaneous
 O - a phial of floods (inert)
Comestibles
 c - 11 rations


   Skills:
 - Level 13.3 Fighting
 - Level 20.0 Axes
 - Level 10.0 Dodging
 - Level 1.5 Stealth
 + Level 9.5 Spellcasting
 * Level 4.8 Transmutations
 * Level 6.7 Earth Magic
 - Level 14.0 Invocations


You had 14 spell levels left.
You knew the following spells:

 Your Spells              Type           Power        Failure   Level  Hunger
a - Apportation           Tloc           ###...       10%         1    None
b - Sublimation of Blood  Necr           ###.......   13%         2    None
c - Iron Shot             Conj/Erth      #####.....   95%         6    ######.
d - Statue Form           Tmut/Erth      ######...    71%         6    ######.
e - Borgnjor's Vile Clut  Necr/Erth      #####.....   45%         5    ####...

Your spell library contained the following spells:

 Spells                   Type           Power        Failure   Level  Hunger
 Mephitic Cloud           Conj/Pois/Air  ###.....     24%         3    None
 Summon Small Mammal      Summ           ###.         10%         1    None
 Bolt of Draining         Conj/Necr      ###.......   89%         5    ####...
 Blink                    Tloc           N/A          13%         2    None
 Animate Skeleton         Necr           N/A          10%         1    None
 Dispel Undead            Necr           ###.....     89%         5    ####...
 Corpse Rot               Necr           N/A          13%         2    None
 Shock                    Conj/Air       ###.         10%         1    None
 Agony                    Necr           ###.....     89%         5    ####...
 Spider Form              Tmut/Pois      ####......   10%         3    None
 Blade Hands              Tmut           #####.....   30%         5    ####...
 Ice Form                 Ice/Tmut       ####....     30%         4    #......
 Throw Icicle             Conj/Ice       ###.....     58%         4    #......
 Confusing Touch          Hex            ###...       10%         1    None
 Sticks to Snakes         Tmut           #####...     2%          2    None
 Sandblast                Erth           ######       1%          1    None
 Excruciating Wounds      Chrm/Necr      ###.......   89%         5    ####...
 Leda's Liquefaction      Hex/Erth       #####.....   21%         4    #......
 Beastly Appendage        Tmut           #####.       1%          1    None


Dungeon Overview and Level Annotations

Branches:
Dungeon (15/15)            Temple (0/1) D:6            Lair (0/6) D:10
    Orc (2/2) D:10            Elf (3/3) Orc:2
 Vaults: D:13-14     Depths: D:15

Altars:
Ashenzari
Cheibriados
Fedhas
Gozag
Nemelex Xobeh
Uskayaw
Yredelemnul

Shops:
D:6 *   D:10 *!(}?   Orc:2 %:*(   Elf:1 !   Elf:2 }

Portals:
Pandemonium: Orc:2
Trove: D:10 (give +2 shadow dragon scales)

Annotations:
D:7 Duvessa
Elf:2 3 runed doors


Innate Abilities, Weirdness & Mutations

Your flesh is heat resistant. (rF+)
You are resistant to hostile enchantments. (MR+)
Your spells are a little harder to cast, but a little more powerful.


Message History

You feel somewhat more hungry.
You can no longer step out of the time flow.
Cheibriados lowers the support of your attributes as your movement quickens.
The white ugly thing misses you.
Unknown command.
Unknown command.
Unknown command.
You closely miss the white ugly thing.
The white ugly thing is heavily wounded.
Unknown command.
You slash the white ugly thing!
You feel better.
The white ugly thing is almost dead.
The white ugly thing gores you but does no damage.
Unknown command.
You closely miss the white ugly thing.
The white ugly thing is almost dead.
The white ugly thing gores you!
* * * LOW HITPOINT WARNING * * *
The white ugly thing freezes you! You resist.
You die...

... # ##
.# # . .
. ##.##
. ... ##
.. ) . .
. # .##
## . ..
# #X##.#
. . . 3
.X3. .
... ..
#.# X##.
. .
###u####
. #@≈..#
######


You could see a starcursed mass, a white ugly thing, a large abomination and a
neqoxec.

Vanquished Creatures
  A deep elf blademaster (Elf:3)
  A tentacled starspawn (Abyss:3)
  5 deep elf sorcerers
  Aizul (Elf:3)
  A very ugly thing (Abyss:3)
  3 deep elf demonologists (Elf:3)
  2 deep elf death magi
  Josephine (Orc:2)
  Snorg (Orc:1)
  2 deep elf high priests (Elf:3)
  2 hydras (D:13)
  4 centaur warriors
  Erica (D:10)
  12 dancing weapons
  A death knight (D:13)
  3 tengu warriors
  4 two-headed ogres
  A soul eater (Orc:2)
  7 orc high priests (Orc:2)
  A thrashing horror (Abyss:3)
  9 deep elf knights
  A wretched star (Abyss:3)
  6 deep elf archers
  3 torturous demonspawn (Orc:2)
  Pikel (D:4)
  4 orc knights (Orc:2)
  49 deep elf magi
  5 orc sorcerers (Orc:2)
  A manticore (D:12)
  6 ugly things
  3 cyclopes
  A rust devil (Orc:2)
  3 centaur zombies
  A smoke demon (Abyss:3)
  A gargoyle (D:12)
  An orange demon (Orc:2)
  A kobold demonologist (D:15)
  A freezing wraith (Abyss:3)
  An ice devil (Orc:2)
  A komodo dragon (D:15)
  A red devil (Orc:2)
  4 tengu conjurers
  A silent spectre (Abyss:3)
  7 trolls
  2 ancient zymes (Abyss:3)
  2 hornets
  5 blink frogs (Abyss:3)
  3 slime creatures
  4 hippogriffs
  A hippogriff (shapeshifter) (Elf:3)
  7 air elementals
  A vampire (D:15)
  3 wyverns
  A fire elemental (Elf:1)
  4 large abominations (Abyss:3)
  A water elemental (Elf:1)
  5 wraiths
  29 yaks
  3 neqoxecs
  A chaos spawn (Abyss:3)
  A basilisk (D:9)
  2 hungry ghosts
  2 wargs (Orc:1)
  2 small abominations (Abyss:3)
  A soldier ant (D:10)
  A hydra simulacrum (Abyss:3)
  A water moccasin (D:8)
  7 porcupines
  2 black bears (D:10)
  An eye of draining (D:13)
  A phantom (D:10)
  35 orc warriors
  An ice beast (D:6)
  3 sky beasts
  6 starcursed masses (Abyss:3)
  6 boggarts
  7 ogres
  A necrophage (D:7)
  8 centaurs
  2 crocodiles
  4 big kobolds
  11 bullfrogs
  3 earth elementals
  3 scorpions
  3 killer bees (D:12)
  9 wights (D:15)
  2 howler monkeys
  4 electric eels (Elf:3)
  5 crimson imps
  4 bullfrog zombies
  A quasit (Abyss:3)
  17 orc priests
  7 hounds
  7 jellies
  5 bullfrog skeletons
  3 centaur skeletons
  2 iguanas
  26 orc wizards
  Natasha (twice) (D:2)
  9 worker ants
  A killer bee zombie (D:8)
  2 hound zombies
  A hound skeleton (D:4)
  2 worker ant zombies
  7 gnolls
  8 adders
  2 oozes
  An adder zombie (D:6)
  2 worms
  A dart slug (D:2)
  2 leopard geckos
  103 orcs
  A ball python (D:1)
  2 giant cockroaches
  6 hobgoblins
  13 jackals
  4 quokkas
  2 bats
  5 frilled lizards
  6 goblins
  A jackal zombie (D:9)
  25 kobolds
  A rat (D:1)
653 creatures vanquished.

Vanquished Creatures (others)
  A worldbinder (Abyss:3)
  An apocalypse crab (Abyss:3)
  A water elemental (Elf:2)
  An insubstantial wisp (Abyss:3)
  An ufetubus (Abyss:3)
  An orc (D:11)
  16 fungi
  2 plants
  6 starspawn tentacles (Abyss:3)
30 creatures vanquished.

Grand Total: 683 creatures vanquished

Notes
Turn   | Place    | Note
-------+----------+-------------------------------------------
     0 | D:1      | 4thArraOfDagon the Hill Orc Monk began the quest for the Orb.
     0 | D:1      | Reached XP level 1. HP: 19/19 MP: 1/1
    78 | D:2      | Reached XP level 2. HP: 18/27 MP: 2/2
   184 | D:3      | Found a sparkling altar of Nemelex Xobeh.
   263 | D:3      | Found a snail-covered altar of Cheibriados.
   272 | D:3      | Became a worshipper of Cheibriados the Contemplative
   272 | D:3      | Reached * piety under Cheibriados
   272 | D:3      | Reached ** piety under Cheibriados
   311 | D:3      | Reached XP level 3. HP: 8/33 MP: 3/3
   325 | D:3      | Reached skill level 5 in Axes
   325 | D:3      | Reached skill level 1 in Invocations
   325 | D:3      | Reached XP level 4. HP: 6/40 MP: 3/5
   327 | D:3      | HP: 2/40 [orc/club (4)]
   341 | D:3      | :O
   484 | D:2      | Noticed Natasha
   492 | D:2      | Killed Natasha
   942 | D:2      | Reached XP level 5. HP: 40/47 MP: 6/6
  1032 | D:2      | Noticed Natasha
  1035 | D:2      | Killed Natasha
  1145 | D:3      | Reached skill level 6 in Axes
  1192 | D:4      | Reached *** piety under Cheibriados
  1221 | D:4      | Reached XP level 6. HP: 7/55 MP: 6/8
  1461 | D:4      | Reached skill level 5 in Fighting
  1550 | D:5      | Entered Level 5 of the Dungeon
  1553 | D:5      | Noticed a slave
  1553 | D:5      | Noticed a sky beast
  1554 | D:5      | Noticed a slave
  1555 | D:5      | Noticed a slave
  1587 | D:4      | Killed a sky beast
  1587 | D:4      | Reached skill level 7 in Axes
  1602 | D:5      | Noticed Pikel
  1602 | D:5      | Noticed a slave
  1612 | D:4      | Killed Pikel
  1612 | D:4      | Reached skill level 8 in Axes
  1612 | D:4      | Reached XP level 7. HP: 30/63 MP: 8/10
  1612 | D:4      | Reached XP level 8. HP: 33/70 MP: 8/11
  1696 | D:5      | Found a sparkling altar of Nemelex Xobeh.
  1782 | D:5      | Reached skill level 5 in Invocations
  1959 | D:6      | Reached skill level 9 in Axes
  2008 | D:6      | Reached **** piety under Cheibriados
  2061 | D:6      | Found a shattered altar of Ashenzari.
  2128 | D:6      | Found Yvvocz Faef's Assorted Antiques.
  2139 | D:6      | Bought a tubular glass ring for 95 gold pieces
  2139 | D:6      | Bought a scroll labeled JASKIPR PAM KAOW for 19 gold pieces
  2139 | D:6      | Bought a fluorescent wand for 76 gold pieces
  2139 | D:6      | Bought a scroll labeled PUNEDA SEORIU for 19 gold pieces
  2150 | D:6      | Found a staircase to the Ecumenical Temple.
  2180 | D:6      | Found an opulent altar of Gozag.
  2280 | D:7      | Noticed a hippogriff
  2294 | D:7      | Reached skill level 10 in Axes
  2294 | D:7      | Reached XP level 9. HP: 79/79 MP: 13/13
  2321 | D:7      | Reached skill level 5 in Dodging
  2434 | D:7      | Noticed Duvessa
  2464 | D:7      | Found a hide-covered altar of Uskayaw.
  2550 | D:7      | Reached skill level 11 in Axes
  2814 | D:8      | Reached ***** piety under Cheibriados
  3005 | D:8      | Reached XP level 10. HP: 73/88 MP: 15/15
  3088 | D:9      | Reached skill level 12 in Axes
  3132 | D:9      | Noticed a two-headed ogre
  3141 | D:9      | Killed a two-headed ogre
  3144 | D:9      | Noticed a two-headed ogre
  3155 | D:9      | Killed a two-headed ogre
  3289 | D:9      | Gained mutation: Potions are less effective at restoring your health. [potion of mutation]
  3289 | D:9      | Gained mutation: You are resistant to hostile enchantments. (MR+) [potion of mutation]
  3289 | D:9      | Gained mutation: Your mind is acute. (Int +2) [potion of mutation]
  3290 | D:9      | Lost mutation: Potions are less effective at restoring your health. [potion of mutation]
  3290 | D:9      | Lost mutation: Your mind is acute. (Int +2) [potion of mutation]
  3290 | D:9      | Gained mutation: You are clumsy. (Dex -2) [potion of mutation]
  3290 | D:9      | Gained mutation: Scrolls take you a little longer to read. [potion of mutation]
  3290 | D:9      | Gained mutation: You have a pair of small antennae on your head. [potion of mutation]
  3293 | D:9      | :(
  3323 | D:10     | Entered Level 10 of the Dungeon
  3346 | D:10     | Reached skill level 13 in Axes
  3378 | D:10     | Found a portal to a secret trove of treasure.
  3431 | D:10     | Found Dudeon's Weapon Boutique.
  3438 | D:10     | Found Qeox's Gadget Shoppe.
  3498 | D:9      | Noticed a two-headed ogre
  3514 | D:9      | Killed a two-headed ogre
  3524 | D:9      | Noticed a cyclops
  3524 | D:9      | Noticed a centaur warrior
  3559 | D:9      | Reached XP level 11. HP: 89/97 MP: 16/18
  3560 | D:9      | Killed a centaur warrior
  3564 | D:9      | Reached skill level 14 in Axes
  3576 | D:9      | Killed a cyclops
  3622 | D:9      | Got a polished quarterstaff
  3626 | D:9      | Got an encrusted falchion
  3730 | D:10     | Reached skill level 10 in Fighting
  3752 | D:10     | Reached skill level 10 in Invocations
  3872 | D:10     | Found Qapnaz's Distillery.
  3897 | D:10     | Got an ancient falchion {drain}
  3902 | D:10     | Bought a potion of might for 48 gold pieces
  3902 | D:10     | Bought a potion of might for 48 gold pieces
  3902 | D:10     | Bought a potion of mutation for 96 gold pieces
  3902 | D:10     | Bought a potion of might for 48 gold pieces
  3902 | D:10     | Bought a potion of resistance for 120 gold pieces
  3902 | D:10     | Bought a potion of magic for 96 gold pieces
  3902 | D:10     | Lost mutation: You have a pair of small antennae on your head. [potion of mutation]
  3902 | D:10     | Lost mutation: Scrolls take you a little longer to read. [potion of mutation]
  3902 | D:10     | Lost mutation: You are clumsy. (Dex -2) [potion of mutation]
  3902 | D:10     | Gained mutation: Your flesh is heat resistant. (rF+) [potion of mutation]
  3902 | D:10     | Gained mutation: Your spells are a little harder to cast, but a little more powerful. [potion of mutation]
  3936 | D:10     | Found Hemet's General Store.
  3949 | D:10     | Bought a scroll of enchant weapon for 105 gold pieces
  3975 | D:10     | Noticed Erica
  3988 | D:10     | Killed Erica
  3996 | D:10     | Found a staircase to the Lair.
  4120 | D:12     | Noticed a cyclops
  4130 | D:12     | Noticed a manticore
  4132 | D:12     | Killed a cyclops
  4132 | D:12     | Reached skill level 15 in Axes
  4148 | D:12     | Killed a manticore
  4156 | D:12     | Reached XP level 12. HP: 46/108 MP: 8/20
  4247 | D:12     | Found a basalt altar of Yredelemnul.
  4434 | D:13     | Noticed a six-headed hydra
  4449 | D:13     | Killed a six-headed hydra
  4478 | D:13     | Noticed a centaur warrior
  4488 | D:13     | Killed a centaur warrior
  4488 | D:13     | Reached skill level 16 in Axes
  4489 | D:13     | Found a blossoming altar of Fedhas.
  4518 | D:13     | Noticed a death knight
  4527 | D:13     | Noticed a tengu warrior
  4530 | D:13     | Noticed a centaur warrior
  4537 | D:13     | Killed a tengu warrior
  4549 | D:13     | Killed a death knight
  4608 | D:13     | Noticed a four-headed hydra
  4616 | D:13     | Killed a four-headed hydra
  4808 | D:14     | Identified the +6 falchion "Waeretyz" {freeze, *Slow +Inv MR+ Str+2} (You found it on level 9 of the Dungeon)
  4819 | D:14     | Noticed a centaur warrior
  4833 | D:14     | Killed a centaur warrior
  4833 | D:14     | Reached XP level 13. HP: 105/117 MP: 22/22
  4915 | D:14     | Learned a level 1 spell: Apportation
  4932 | D:14     | Reached skill level 17 in Axes
  4998 | D:15     | Entered Level 15 of the Dungeon
  5069 | D:15     | Identified the cursed +0 falchion of the Spheres {drain, rPois rC+++ rN+ Str-3} (You took it off a crimson imp on level 10 of the Dungeon)
  5070 | D:15     | Identified the +7 quarterstaff "Beutsi" {pain, *Corrode rElec rC+} (You found it on level 9 of the Dungeon)
  5504 | D:11     | Learned a level 2 spell: Sublimation of Blood
  5810 | D:10     | Found Pucha's Magic Scroll Shop.
  5815 | D:10     | Bought a scroll of identify for 28 gold pieces
  5815 | D:10     | Bought a scroll of identify for 28 gold pieces
  5815 | D:10     | Bought a scroll of identify for 28 gold pieces
  5815 | D:10     | Bought a scroll of identify for 28 gold pieces
  5815 | D:10     | Bought a scroll of identify for 28 gold pieces
  5894 | D:10     | Found a staircase to the Orcish Mines.
  5904 | Orc:1    | Entered Level 1 of the Orcish Mines
  5925 | Orc:1    | Reached skill level 18 in Axes
  5977 | Orc:1    | Noticed Snorg
  5994 | Orc:1    | Killed Snorg
  5994 | Orc:1    | Reached skill level 1 in Spellcasting
  6140 | Orc:2    | Entered Level 2 of the Orcish Mines
  6140 | Orc:2    | Noticed Josephine
  6150 | Orc:2    | Killed Josephine
  6210 | Orc:2    | Found a staircase to the Elven Halls.
  6281 | Orc:2    | oh no
  6456 | Orc:2    | Reached XP level 14. HP: 71/127 MP: 23/23
  6529 | Orc:2    | Found Sung's Food Boutique.
  6545 | Orc:2    | Found Zymar's General Store.
  6569 | Orc:2    | meh
  6772 | Orc:2    | Reached skill level 19 in Axes
  6817 | Orc:2    | Found Godinn's Book Emporium.
  6817 | Orc:2    | Found Raod's Antique Weapon Shoppe.
  6817 | Orc:2    | Found a one-way gate leading to the halls of Pandemonium.
  6952 | Elf:1    | Entered Level 1 of the Elven Halls
  7157 | Elf:2    | Reached skill level 10 in Dodging
  7354 | Elf:3    | Entered Level 3 of the Elven Halls
  7369 | Elf:3    | Reached XP level 15. HP: 136/136 MP: 25/25
  7381 | Elf:3    | Noticed Aizul
  7381 | Elf:3    | Noticed a deep elf sorcerer
  7391 | Elf:3    | Killed Aizul
  7391 | Elf:3    | Reached skill level 5 in Spellcasting
  7395 | Elf:3    | Cast into level 3 of the Abyss (a deep elf sorcerer)
  7409 | Elf:3    | Escaped the Abyss
  7415 | Elf:3    | Killed a deep elf sorcerer
  7415 | Elf:3    | Reached skill level 20 in Axes
  7689 | Elf:2    | Found a runed gate.
  7689 | Elf:2    | Found a runed gate.
  7689 | Elf:2    | Found a runed gate.
  7798 | Elf:1    | Found Xisuqomi's Distillery.
  7875 | Elf:2    | Found Misol's Gadget Shoppe.
  8224 | Elf:1    | Noticed a deep elf sorcerer
  8234 | Elf:1    | Killed a deep elf sorcerer
  8243 | Elf:1    | Identified the Papyrus of Conjuration
  8259 | Elf:1    | Learned a level 6 spell: Iron Shot
  8428 | Elf:3    | Reached skill level 1 in Earth Magic
  8593 | Orc:2    | Bought the Reference Book on Dusty Translocation for 837 gold pieces
  8600 | Orc:2    | Learned a level 6 spell: Statue Form
  8606 | Orc:2    | Learned a level 5 spell: Borgnjor's Vile Clutch
  8900 | Elf:3    | Reached skill level 1 in Transmutations
  8988 | Elf:3    | Identified the +8 chain mail of Lugonu's Regard {Int+4 SInv} (You found it on level 3 of the Elven Halls)
  9119 | Elf:3    | Noticed a deep elf blademaster
  9141 | Elf:3    | Killed a deep elf blademaster
  9141 | Elf:3    | Reached XP level 16. HP: 26/144 MP: 23/29
  9143 | Elf:3    | HP: 5/144 [acid (15)]
  9362 | Elf:3    | Reached skill level 5 in Earth Magic
  9439 | Elf:3    | Cast into level 3 of the Abyss (a deep elf sorcerer)
  9533 | Abyss:3  | Found a corrupted altar of Lugonu.
  9565 | Abyss:3  | Found a corrupted altar of Lugonu.
  9935 | Abyss:3  | Noticed a tentacled starspawn
  9948 | Abyss:3  | Killed a tentacled starspawn
 10009 | Abyss:3  | HP: 7/144 [white ugly thing (12)]
 10009 | Abyss:3  | Slain by a white ugly thing

Vault maps used:
D:1:      tarquinn_simple_flora_water_a
D:2:      serial_glass, glass_columns_a, glass_columns_a, uniq_natasha
D:3:      lemuel_doored_altar, nicolae_overflow_crystal_walls,
          cheibriados_altar_1, grunt_dithmenos_smoke_and_mirrors
D:4:      kennysheep_mini, first_ration
D:5:      nemelex_lonely_heart_becter, uniq_pikel
D:6:      old_standard_altar, nicolae_gozag_seed_capital,
          minmay_temple_entry_statues_pillars, serial_shops, shop
D:7:      lemuel_crystal_altar, zin_scriptorium, uniq_duvessa
D:8:      grunt_livestock
D:9:      kennysheep_mini_moat, minivault_12
D:10:     due_lair_maze_entry_diamond, david_orc_4, trove_entry_hex_spiral,
          serial_shops, kennysheep_little_box, shop, nicolae_shop_statue_plus,
          shop, shop, uniq_erica
D:11:     grunt_ministairs_7, lemuel_flamethrower_2
D:12:     basic_altar
D:13:     lightli_vaults_fourway_checkpoint, serial_shops, shop, fedhas_altar_3
D:14:     hangedman_abyss_or_decor_clamps, basic_altar, hangedman_decor_points,
          uniq_agnes
D:15:     grunt_enter_depths_magical_seal
Orc:1:    nicolae_orc_accident_1, serial_shops, uniq_snorg
Orc:2:    pf_orc_diabolical, uniq_josephine
Elf:1:    eino_elf_arrival_the_gate, serial_shops, shop, minmay_elf_sorcery
Elf:2:    serial_shops, shop, basic_stair_grate_trap
Elf:3:    minmay_elf_hall_hex, uniq_aizul
Abyss:3:  minivault_25, minivault_23, hangedman_abyss_or_decor_stagger

Skill      XL: |  1  2  3  4  5  6  7  8  9 10 11 12 13 14 15 16 |
---------------+-------------------------------------------------+-----
Fighting       | 4 6 7 8 9 10 11 12 13 | 13.3
Axes           | 5 6 8 10 11 13 15 16 18 19 20 | 20.0
Invocations    | 1 2 4 6 7 9 10 12 13 14 | 14.0
Dodging        | 3 4 5 6 7 8 9 10 | 10.0
Spellcasting   | 1 4 9 |  9.5
Earth Magic    | 4 6 |  6.7
Transmutations | 2 4 |  4.8
Stealth        | |  1.5

Action                   |  1- 3 |  4- 6 |  7- 9 | 10-12 | 13-15 | 16-18 || total
-------------------------+-------+-------+-------+-------+-------+-------++-------
Melee: Hand axe          |    56 |   219 |       |       |       |       ||   275
       Whip              |       |       |   281 |   137 |       |       ||   418
       War axe           |       |       |    13 |   302 |    72 |       ||   387
       Battleaxe         |       |       |       |       |   330 |     1 ||   331
       Broad axe         |       |       |       |       |   380 |   195 ||   575
 Fire: Blowgun           |       |       |       |    16 |     2 |       ||    18
Throw: Javelin           |       |     7 |       |     1 |     1 |       ||     9
 Cast: Apportation       |       |       |       |       |     1 |     1 ||     2
       Statue Form       |       |       |       |       |       |     1 ||     1
Invok: Bend Time         |       |     1 |       |       |       |       ||     1
       Slouch            |       |       |     1 |    12 |    16 |     5 ||    34
Evoke: Wand              |       |     6 |     3 |    13 |    14 |     6 ||    42
       Phial of floods   |       |       |       |       |       |     1 ||     1
  Use: Potion            |     1 |     2 |       |     3 |     2 |     9 ||    17
       Scroll            |     1 |       |     9 |     5 |    21 |       ||    36
 Stab: Sleeping          |     2 |     1 |     2 |     4 |     9 |       ||    18
       Paralysed         |       |    16 |    12 |    11 |       |       ||    39
       Distracted        |       |       |       |     1 |     2 |       ||     3
  Eat: Chunk             |       |       |     3 |     6 |     7 |     1 ||    17
       Ration            |       |       |     1 |       |     3 |     2 ||     6
Armor: Ring mail         |    14 |    83 |    17 |       |       |       ||   114
       Robe              |     3 |       |    34 |    20 |       |       ||    57
       Troll leather arm |       |       |       |    61 |   151 |    31 ||   243
       Skin              |       |       |       |       |       |     7 ||     7
Dodge: Dodged            |    37 |   153 |   189 |   345 |   549 |   128 ||  1401

Table legend:
 A = Spawn XP
 B = Non-spawn XP
 C = Spawn XP percentage of total XP
 D = Spawn monster count
 E = Non-spawn monster count
 F = Spawn count percentage of total count
 G = Total turns spent on level
                    A         B        C        D         E        F      G
               +---------+---------+-------+---------+---------+-------+---------
         Total |    7997 |  150763 |   5.0 |      12 |     644 |   1.8 | 10009
               +---------+---------+-------+---------+---------+-------+---------
           D:1 |       0 |      36 |   0.0 |       0 |      20 |   0.0 |   406
           D:2 |       0 |     128 |   0.0 |       0 |      20 |   0.0 |   438
           D:3 |       0 |      87 |   0.0 |       0 |      10 |   0.0 |   354
           D:4 |       0 |     965 |   0.0 |       0 |      13 |   0.0 |   413
           D:5 |       0 |     356 |   0.0 |       0 |      17 |   0.0 |   310
           D:6 |       0 |     710 |   0.0 |       0 |      20 |   0.0 |   359
           D:7 |       0 |    1316 |   0.0 |       0 |      26 |   0.0 |   350
           D:8 |       0 |    1247 |   0.0 |       0 |      32 |   0.0 |   446
           D:9 |       0 |    6460 |   0.0 |       0 |      35 |   0.0 |   488
          D:10 |       0 |    4492 |   0.0 |       0 |      46 |   0.0 |   691
          D:11 |       0 |    1614 |   0.0 |       0 |      12 |   0.0 |   318
          D:12 |       0 |    7653 |   0.0 |       0 |      51 |   0.0 |   341
          D:13 |       0 |    9574 |   0.0 |       0 |      43 |   0.0 |   480
          D:14 |       0 |    5763 |   0.0 |       0 |      10 |   0.0 |   262
          D:15 |       0 |    6104 |   0.0 |       0 |      29 |   0.0 |   248
         Orc:1 |       0 |    2389 |   0.0 |       0 |      31 |   0.0 |   236
         Orc:2 |       0 |   22313 |   0.0 |       0 |      99 |   0.0 |   989
         Elf:1 |       0 |   20470 |   0.0 |       0 |      36 |   0.0 |   729
         Elf:2 |       0 |   16306 |   0.0 |       0 |      24 |   0.0 |   618
         Elf:3 |       0 |   35903 |   0.0 |       0 |      45 |   0.0 |   949
       Abyss:3 |    7997 |    6877 |  53.8 |      12 |      25 |  32.4 |   584
               +---------+---------+-------+---------+---------+-------+---------
